 Dungeon Crawl Stone Soup version 0.30.1-4-g462c640d31 (webtiles) character file.

Game seed: 16878076711405802897

3306 Almogavar the Protected (level 10, -2/76 HPs)
             Began as a Gnoll Wanderer on Sept 18, 2023.
             Was a Believer of Nemelex Xobeh.
             Slain by an orc warrior
             ... wielding a +0 bardiche
              (16 damage)
             ... in a bailey.
             The game lasted 00:25:13 (9237 turns).

Almogavar the Protected (Gnoll Wanderer)            Turns: 9237, Time: 00:25:14

Health: -2/76      AC: 15    Str: 14 (15) XL:     10   Next: 1%
Magic:  18/18      EV:  9    Int:  9 (12) God:    Nemelex Xobeh [**....]
Gold:   503        SH:  0    Dex: 10 (12) Spells: 19/20 levels left

rFire   . . .        w - +1 hand axe (heavy)
rCold   + . .        (no shield)
rNeg    + . .        d - +0 chain mail
rPois   .            g - +0 helmet
rElec   .            k - +0 cloak
rCorr   .            (no gloves)
SInv    .            (no boots)
Will    .....        j - amulet of regeneration Stlth
                     i - ring of positive energy
HPRegen 1.12/turn    l - ring of protection from cold
MPRegen 0.16/turn

%: no passive effects
@: no status effects
A: fangs 1, strong nose, distributed training
a: Renounce Religion, Draw Escape, Draw Destruction, Draw Summoning


You were in a bailey.
You worshipped Nemelex Xobeh.
Nemelex Xobeh was pleased with you.
You visited 2 branches of the dungeon, and saw 9 of its levels.
You also visited: Sewer and Bailey.

You collected 599 gold pieces.
You spent 96 gold pieces at shops.

Inventory:

Hand Weapons
 a - a +0 dagger
 w - a +1 heavy hand axe (weapon)
 O - a +3 falchion
Missiles
 A - 4 poisoned darts (quivered)
 P - a throwing net
 Q - 4 javelins
Armour
 d - a +0 chain mail (worn)
 g - a +0 helmet (worn)
 k - a +0 cloak (worn)
 y - +0 steam dragon scales
 D - a +0 tower shield
 M - a +1 kite shield of protection
Jewellery
 e - an amulet of guardian spirit
 i - a ring of positive energy (left hand)
 j - an amulet of regeneration (around neck)
 l - a ring of protection from cold (right hand)
 m - a ring of resist corrosion
 K - a ring of positive energy
Wands
 h - a wand of polymorph (4)
 q - a wand of charming (2)
 G - a wand of iceblast (22)
 I - a wand of light (3)
Scrolls
 b - 4 scrolls of fog
 c - 2 scrolls of teleportation
 f - 2 scrolls of amnesia
 o - 6 scrolls of poison
 r - 4 scrolls of enchant weapon
 s - a scroll of silence
 t - 2 scrolls of fear
 B - 2 scrolls of vulnerability
 J - 3 scrolls of magic mapping {unknown}
 L - a scroll of blinking
Potions
 n - 4 potions of lignification
 p - 3 potions of flight
 u - 2 potions of brilliance
 x - 5 potions of curing
 C - a potion of berserk rage {unknown}
 E - a potion of degeneration
 F - a potion of magic {unknown}
 H - a potion of mutation {unknown}
 N - a potion of haste {unknown}
 R - a potion of attraction {unknown}


   Skills:
 + Level 5.7 Fighting
 + Level 5.0 Short Blades
 + Level 5.0 Long Blades
 + Level 5.0 Axes
 + Level 5.0 Maces & Flails
 + Level 5.0 Polearms
 + Level 5.0 Staves
 + Level 5.0 Ranged Weapons
 + Level 5.0 Throwing
 + Level 11.5 Armour
 + Level 5.0 Dodging
 + Level 5.0 Stealth
 + Level 5.0 Shields
 + Level 5.0 Unarmed Combat
 + Level 5.8 Spellcasting
 + Level 4.1 Conjurations
 + Level 4.1 Hexes
 + Level 4.1 Summonings
 + Level 5.7 Necromancy
 + Level 4.1 Translocations
 + Level 4.1 Transmutations
 + Level 4.1 Fire Magic
 + Level 4.1 Ice Magic
 + Level 4.1 Air Magic
 + Level 4.1 Earth Magic
 + Level 4.1 Poison Magic
 + Level 6.1 Invocations
 + Level 5.0 Evocations


You had 19 spell levels left.
You knew the following spells:

 Your Spells              Type           Power      Damage    Failure   Level
a - Kiss of Death         Conj/Necr      44%        2d8       28%         1

Your spell library contained the following spells:

 Spells                   Type           Power      Damage    Failure   Level
 Sublimation of Blood     Necr           12%        N/A       30%         2
 Wereblood                Tmut           10%        N/A       50%         2
 Vampiric Draining        Necr           12%        2d6       52%         3
 Tukima's Dance           Hex            10%        N/A       75%         3
 Passage of Golubria      Tloc           10%        N/A       98%         4
 Yara's Violent Unravell  Hex/Tmut       5%         3d4       100%        5
 Summon Hydra             Summ           5%         N/A       100%        7


Dungeon Overview and Level Annotations

Branches:
Dungeon (8/15)             Temple (1/1) D:4           Sewer (visited)
 Bailey (1/1)
   Lair: D:8-11

Altars:
Ashenzari
Cheibriados
Dithmenos
Elyvilon
Fedhas
Hepliaklqana
Kikubaaqudgha
Nemelex Xobeh
Qazlal
Sif Muna
Trog
Uskayaw
Vehumet
Xom
Yredelemnul
Zin
The Shining One

Shops:
D:3 !   D:4 :


Innate Abilities, Weirdness & Mutations

You have very sharp teeth.
Your uncanny sense of smell can sniff out nearby items.
Your experience applies equally to all skills.


Message History

The orc warrior hits you but does no damage.
An orc comes into view. It is wielding a +4 trident.
The orc warrior barely misses you.
You barely miss the orc warrior.
The orc shouts!
You hear a shout!
The orc warrior hits you with a +0 trident.
The orc warrior hits you from afar with a +0 bardiche!
Unknown command.
You closely miss the orc warrior.
The orc warrior hits you but does no damage.
The orc warrior hits you from afar with a +0 bardiche!
The orc warrior hits you with a +0 trident.
The orc warrior hits you from afar with a +0 bardiche.
The orc warrior barely misses you.
The orc warrior hits you with a +0 bardiche.
You feel better. The orc warrior closely misses you.
The orc barely misses you. x2
The orc warrior barely misses you.
It was a potion of degeneration.
There was something very wrong with that liquid.
You feel weakened.
You feel dopey.
You feel clumsy.
The orc warrior hits you with a +0 trident.
The orc hits you from afar with a +0 spear.
The orc warrior barely misses you.
The orc hits you from afar with a +4 trident.
You slash the orc warrior!
The orc warrior is moderately wounded.
You closely miss the orc warrior. The orc hits you but does no damage.
The orc warrior hits you with a +0 bardiche!
The orc hits you from afar with a +4 trident!
* * * LOW HITPOINT WARNING * * *
The orc warrior barely misses you.
You slash the orc warrior!
The orc warrior is severely wounded.
You barely miss the orc warrior. The orc hits you but does no damage.
The orc warrior hits you with a +0 trident.
* * * LOW HITPOINT WARNING * * *
The orc closely misses you.
The orc warrior hits you with a +0 bardiche!
You die...
Your body disappears without a glow.

#######+++#########
.....o.o..........##
.....oo@.)....)....##
....⌠#######⌠)......##
.#####.o...#####....≈#
##....≈≈≈≈≈....##...≈#
#.⌠.≈≈≈)..≈≈≈.⌠.#...≈#
#..≈≈..≈)≈..≈≈..#...≈#
#.≈≈.≈≈≈.≈≈≈.≈≈.#⌠..≈#
##.≈.≈≈.....≈≈.≈.##..≈#
#.≈≈.≈)≈≈≈≈≈.≈.≈≈.#..≈#


You could see 2 orc warriors and 2 orcs.

Vanquished Creatures
  Maggie (D:7)
  A hornet (D:7)
  A wyvern (D:7)
  A steam dragon (D:7)
  2 water moccasins
  3 black bears
  An ice beast (D:6)
  An ogre (D:4)
  3 centaurs
  A phantom (D:4)
  A gnoll sergeant (D:6)
  2 scorpions (D:5)
  3 bullfrogs
  3 wights (D:7)
  An electric eel (D:6)
  9 hounds
  Crazy Yiuf (D:7)
  2 jellies
  2 orc priests
  2 sleepcaps
  Ijyb (D:5)
  2 orc wizards
  Robin (D:2)
  17 adders
  7 gnolls
  2 shadow imps (D:6)
  3 white imps
  An adder skeleton (D:2)
  5 dart slugs
  10 worms
  23 orcs
  8 ball pythons
  7 bats
  A bat skeleton (D:2)
  A bat zombie (D:2)
  6 endoplasms
  13 giant cockroaches
  9 goblins
  6 hobgoblins
  7 quokkas
  A ball python skeleton (D:2)
  10 frilled lizards
  A giant cockroach zombie (D:2)
  2 jackal skeletons (D:2)
  5 kobolds
  A quokka skeleton (D:2)
  3 rats (D:2)
194 creatures vanquished.

Vanquished Creatures (others)
  A butterfly (D:6)
1 creature vanquished.

Grand Total: 195 creatures vanquished

Notes
Turn   | Place    | Note
-------+----------+-------------------------------------------
     0 | D:1      | Reached skill level 10 in Armour
     0 | D:1      | Almogavar the Gnoll Wanderer began the quest for the Orb.
     0 | D:1      | Almogavar set off with the following items: a +0 dagger, a
                  | scroll of fog, a scroll of teleportation, a +0 chain mail;
                  | and the following spell memorised: Kiss of Death; and the
                  | following spells available to memorise: Vampiric Draining.
     0 | D:1      | Reached XP level 1. HP: 17/17 MP: 4/4
    99 | D:1      | You fall into a shaft and drop 1 floor!
   234 | D:1      | Reached XP level 2. HP: 23/23 MP: 3/5
  1035 | D:2      | Reached XP level 3. HP: 27/28 MP: 5/7
  1545 | D:2      | Noticed Robin
  1556 | D:2      | Reached skill level 1 in Short Blades
  1556 | D:2      | Reached skill level 1 in Long Blades
  1556 | D:2      | Reached skill level 1 in Axes
  1556 | D:2      | Reached skill level 1 in Maces & Flails
  1556 | D:2      | Reached skill level 1 in Polearms
  1556 | D:2      | Reached skill level 1 in Staves
  1556 | D:2      | Reached skill level 1 in Ranged Weapons
  1556 | D:2      | Reached skill level 1 in Throwing
  1556 | D:2      | Reached skill level 1 in Dodging
  1556 | D:2      | Reached skill level 1 in Stealth
  1556 | D:2      | Reached skill level 1 in Shields
  1556 | D:2      | Reached skill level 1 in Unarmed Combat
  1556 | D:2      | Reached skill level 1 in Evocations
  1607 | D:2      | Killed Robin
  1608 | D:2      | Reached XP level 4. HP: 10/34 MP: 3/8
  1980 | D:2      | Reached skill level 1 in Conjurations
  1980 | D:2      | Reached skill level 1 in Hexes
  1980 | D:2      | Reached skill level 1 in Summonings
  1980 | D:2      | Reached skill level 1 in Translocations
  1980 | D:2      | Reached skill level 1 in Transmutations
  1980 | D:2      | Reached skill level 1 in Fire Magic
  1980 | D:2      | Reached skill level 1 in Ice Magic
  1980 | D:2      | Reached skill level 1 in Air Magic
  1980 | D:2      | Reached skill level 1 in Earth Magic
  1980 | D:2      | Reached skill level 1 in Poison Magic
  2515 | D:3      | Found a bloodstained altar of Trog.
  2629 | D:3      | Reached XP level 5. HP: 40/40 MP: 9/9
  2794 | D:3      | Found Mily's Distillery.
  2816 | D:3      | Bought a potion of curing for 36 gold pieces
  2816 | D:3      | Bought a potion of heal wounds for 60 gold pieces
  3071 | D:4      | Found Zydynlur's Tiny Tomes.
  3320 | D:4      | Reached XP level 6. HP: 43/47 MP: 9/11
  3560 | D:4      | Noticed a black bear
  3571 | D:4      | Killed a black bear
  3584 | D:4      | Reached XP level 7. HP: 27/52 MP: 9/12
  3765 | D:4      | Found a staircase to the Ecumenical Temple.
  3782 | Temple   | Entered the Ecumenical Temple
  3802 | Temple   | Became a worshipper of Nemelex Xobeh the Trickster
  4027 | D:4      | Found a shimmering altar of Xom.
  4176 | D:5      | Entered Level 5 of the Dungeon
  4215 | D:5      | Noticed Ijyb
  4449 | D:5      | Reached XP level 8. HP: 42/60 MP: 11/14
  4451 | D:5      | Killed Ijyb
  4871 | D:5      | Found a shimmering blue altar of Sif Muna.
  4871 | D:5      | Found an ancient bone altar of Kikubaaqudgha.
  5037 | D:6      | Reached skill level 11 in Armour
  5261 | D:6      | Found a stormy altar of Qazlal.
  5339 | D:6      | Found a glowing drain.
  5355 | Sewer    | Entered a sewer
  5614 | Sewer    | Reached skill level 5 in Necromancy
  5614 | Sewer    | Reached skill level 5 in Invocations
  5933 | D:6      | Reached XP level 9. HP: 24/67 MP: 3/16
  6129 | D:6      | Found a white marble altar of Elyvilon.
  6135 | D:6      | Reached * piety under Nemelex Xobeh
  6324 | D:6      | Reached skill level 5 in Spellcasting
  6889 | D:7      | Reached skill level 5 in Fighting
  7392 | D:7      | Noticed Maggie
  7415 | D:7      | Killed Maggie
  7684 | D:7      | HP: 2/68 [steam dragon (2)]
  7943 | D:7      | Found a runed translucent door.
  7944 | D:7      | Noticed Crazy Yiuf
  8148 | D:7      | Killed Crazy Yiuf
  8254 | D:8      | Noticed a hornet
  8254 | D:8      | Found a hazy altar of Hepliaklqana.
  8582 | D:7      | Killed a hornet
  8746 | D:8      | Received a gift from Nemelex Xobeh
  8803 | D:8      | Reached ** piety under Nemelex Xobeh
  8813 | D:8      | Found a flagged portal.
  8822 | Bailey   | Entered a bailey
  8848 | Bailey   | Reached skill level 5 in Short Blades
  8848 | Bailey   | Reached skill level 5 in Long Blades
  8848 | Bailey   | Reached skill level 5 in Axes
  8848 | Bailey   | Reached skill level 5 in Maces & Flails
  8848 | Bailey   | Reached skill level 5 in Polearms
  8848 | Bailey   | Reached skill level 5 in Staves
  8848 | Bailey   | Reached skill level 5 in Ranged Weapons
  8848 | Bailey   | Reached skill level 5 in Throwing
  8848 | Bailey   | Reached skill level 5 in Dodging
  8848 | Bailey   | Reached skill level 5 in Stealth
  8848 | Bailey   | Reached skill level 5 in Shields
  8848 | Bailey   | Reached skill level 5 in Unarmed Combat
  8848 | Bailey   | Reached skill level 5 in Evocations
  8848 | Bailey   | Reached XP level 10. HP: 51/76 MP: 14/18
  9237 | Bailey   | Slain by an orc warrior

Illustrated notes

Levels and vault maps discovered:
D:1:      dpeg_arrival_lava_temple_mockup, layout_loops_cross,
          minmay_misc_feat_rows, corexii_corridor_pit, dk_noncrumbling_3
D:2:      layout_loops_corners, serial_undead, serial_undead_d, serial_undead_c,
          serial_undead_d, serial_undead_d, uniq_robin
D:3:      layout_loops_cross, mainiacjoe_overflow_brackets, serial_shops, shop
D:4:      layout_loops_ring, lemuel_doored_altar, temple_hall,
          nicolae_shop_i_like_small_books_too, columned_hall_lemuel,
          dreamdust_gnoll_farm
D:5:      layout_rooms, gammafunk_temple_overflow_elements,
          serial_park_tiny_pond, chequers_garden, nicolae_wormholes, uniq_ijyb
D:6:      layout_cave_pools, grunt_qazlal_clouds,
          nicolae_elyvilon_peaceful_grove, gup_sewer_entry_glass,
          dreamdust_princess_bridge
D:7:      layout_cave_pools, uniq_maggie, uniq_crazy_yiuf_cottage
D:8:      layout_basic, amcnicky_altar_gilded, grunt_gozag_statues,
          enter_bailey_1
Temple:   hellmonk_temple_rainy
Bailey:   bailey_polearm_flooded_kennysheep, bailey

Skill      XL: |  1  2  3  4  5  6  7  8  9 |
---------------+----------------------------+-----
Armour         | 11 | 11.5
Short Blades   | 1 2 3 4 5 |  5.0
Long Blades    | 1 2 3 4 5 |  5.0
Axes           | 1 2 3 4 5 |  5.0
Maces & Flails | 1 2 3 4 5 |  5.0
Polearms       | 1 2 3 4 5 |  5.0
Staves         | 1 2 3 4 5 |  5.0
Ranged Weapons | 1 2 3 4 5 |  5.0
Throwing       | 1 2 3 4 5 |  5.0
Dodging        | 1 2 3 4 5 |  5.0
Stealth        | 1 2 3 4 5 |  5.0
Shields        | 1 2 3 4 5 |  5.0
Unarmed Combat | 1 2 3 4 5 |  5.0
Evocations     | 1 2 3 4 5 |  5.0
Spellcasting   | 3 4 5 |  5.8
Conjurations   | 1 2 3 4 |  4.1
Hexes          | 1 2 3 4 |  4.1
Summonings     | 1 2 3 4 |  4.1
Translocations | 1 2 3 4 |  4.1
Transmutations | 1 2 3 4 |  4.1
Fire Magic     | 1 2 3 4 |  4.1
Ice Magic      | 1 2 3 4 |  4.1
Air Magic      | 1 2 3 4 |  4.1
Earth Magic    | 1 2 3 4 |  4.1
Poison Magic   | 1 2 3 4 |  4.1
Invocations    | 3 4 5 6 |  6.1
Fighting       | 3 4 5 |  5.7
Necromancy     | 4 5 |  5.7

Action                     |  1- 3 |  4- 6 |  7- 9 | 10-12 || total
---------------------------+-------+-------+-------+-------++-------
  Melee: Dagger            |   206 |   135 |       |       ||   341
         Bite              |    23 |    31 |    46 |     4 ||   104
         Punch             |     6 |     2 |     9 |     2 ||    19
         Hand axe          |       |    87 |   420 |    49 ||   556
  Throw: Dart              |       |     3 |    27 |       ||    30
         Javelin           |       |       |     4 |       ||     4
         Throwing net      |       |       |     2 |       ||     2
  Evoke: Wand              |       |       |     2 |       ||     2
    Use: Potion            |     2 |       |     3 |     2 ||     7
         Scroll            |       |     3 |    10 |       ||    13
   Stab: Invisible         |       |       |     1 |       ||     1
 Armour: Chain mail        |   144 |   186 |   517 |    59 ||   906
  Dodge: Dodged            |    66 |   102 |   348 |    71 ||   587
